 Dungeon Crawl Stone Soup version 0.25-a0-85-g7617fd2bc2 (webtiles) character file.

Game seed: 4797615730089731180, levelgen mode: deterministic

3714 Grijaibraw the Blocker (level 10, 0/84 HPs)
             Began as a Hill Orc Fighter on Nov 8, 2019.
             Was a Believer of Okawaru.
             Killed by divine providence
             ... invoked by an orc priest
              (8 damage)
             ... on level 8 of the Dungeon.
             The game lasted 00:38:07 (8964 turns).

Grijaibraw the Blocker (Hill Orc Fighter)           Turns: 8964, Time: 00:38:07

Health: 0/84       AC: 13    Str: 25    XL:     10   Next: 14%
Magic:  10/10      EV: 10    Int: 11    God:    Okawaru [**....]
Gold:   323        SH: 12    Dex: 10    Spells: 9/9 levels left

rFire    . . .     SeeInvis .   n - +1 falchion (elec)
rCold    . . .     Gourm    .   c - +1 shield
rNeg     . . .     Faith    .   b - +3 scale mail
rPois    .         Spirit   .   w - +0 helmet
rElec    .         Reflect  .   (no cloak)
rCorr    .         Harm     .   y - +0 pair of gloves
MR       +....                  (no boots)
Stlth    ..........             (no amulet)
HPRegen  0.24/turn              e - +5 ring of strength
MPRegen  0.12/turn              s - ring of protection from magic

@: berserk cooldown, slowed, very slow
A: no striking features
a: Heroism, Renounce Religion, Convert to Beogh


You were on level 8 of the Dungeon.
You worshipped Okawaru.
Okawaru was pleased with you.
You were not hungry.

You visited 2 branches of the dungeon, and saw 9 of its levels.

You collected 323 gold pieces.

Inventory:

Hand Weapons
 a - a +0 war axe
 n - a +1 falchion of electrocution (weapon)
Armour
 b - a +3 scale mail (worn)
 c - a +1 shield (worn)
 w - a +0 helmet (worn)
 y - a +0 pair of gloves (worn)
Jewellery
 e - a +5 ring of strength (left hand)
 g - an uncursed ring of protection from fire
 p - an uncursed ring of poison resistance
 r - an uncursed ring of protection from cold
 s - a ring of protection from magic (right hand)
Wands
 m - a wand of random effects (10)
 o - a wand of polymorph (21)
 t - a wand of scattershot (3)
 z - a wand of flame (10)
 A - a wand of iceblast (2)
Scrolls
 i - 7 scrolls of identify
 j - 4 scrolls of teleportation
 u - 2 scrolls of amnesia
 v - 2 scrolls of remove curse
 x - 2 scrolls of magic mapping
Potions
 d - 3 potions of might
 h - 4 potions of lignification
 k - 2 potions of brilliance
 l - 3 potions of curing
 q - a potion of magic
Comestibles
 f - 4 rations


   Skills:
 + Level 6.8 Fighting
 + Level 7.2 Long Blades
 + Level 6.9 Axes
 + Level 7.8 Armour
 + Level 3.3 Dodging
 + Level 1.0 Stealth
 + Level 8.2 Shields
 + Level 0.8 Evocations


You had 9 spell levels left.
You didn't know any spells.
Your spell library was empty.

Dungeon Overview and Level Annotations

Branches:
Dungeon (8/15)             Temple (1/1) D:5
   Lair: D:8-11

Altars:
Ashenzari
Cheibriados
Dithmenos
Elyvilon
Fedhas
Gozag
Hepliaklqana
Kikubaaqudgha
Makhleb
Nemelex Xobeh
Okawaru
Qazlal
Ru
Sif Muna
Trog
Vehumet
Wu Jian
Xom
Zin

Annotations:
D:3 2 transporters, Nr616's ghost, amateur OpEE
D:5 3 runed translucent doors, emiel's ghost, novice DsWn


Message History

* * * LOW HITPOINT WARNING * * *
The orc priest barely misses you.
You hit the orc priest but do no damage.
The orc priest is heavily wounded.
The orc priest shouts, "Join the one true god or die!"
The orc priest hits you with a cursed -1 flail.
* * * LOW HITPOINT WARNING * * *
You hit the orc priest.
The orc priest is severely wounded.
The orc priest shouts, "Beogh is our master!
Accept the truth or die!"
You block the orc priest's attack.
You barely miss the orc priest.
The orc priest is severely wounded.
You block the orc priest's attack.
You barely miss the orc priest.
The orc priest shouts, "Beogh is our master!
Accept the truth or die!"
The orc priest is severely wounded.
The orc priest calls down the wrath of Beogh upon you.
Beogh smites you!
You die...

#...# ####...
###...#####################......
...........................>.....
.##...########............#......
.#####....####........... #......
..........'.##........... #......
.#####....#.##........... #......
.# #....#.##.)o........ #......
.# ######.##..@........ #......
.# #.##.........[. #....†.
.######## #.##........... #......
........###.##........... #....[.
............##........... ####...
......(.##..##........... #.8.
........###.##.<......... #...
........# #..####....#### #...
######### #..## #...


You could see an orc priest.

Vanquished Creatures
  A moth of wrath (D:8)
  2 hippogriffs
  A water moccasin (D:6)
  3 ice beasts
  An orc warrior (D:8)
  A sky beast (D:8)
  A phantom (D:7)
  5 ogres
  A centaur (D:5)
  4 bullfrogs
  A gnoll sergeant (D:4)
  4 scorpions
  4 killer bees (D:7)
  3 wights (D:6)
  2 howler monkeys (D:8)
  A crimson imp (D:8)
  2 orc priests
  2 bullfrog zombies
  A hound (D:8)
  7 orc wizards
  2 iguanas
  Ijyb (D:3)
  Natasha (thrice) (D:3)
  3 worker ants (D:5)
  A killer bee zombie (D:8)
  A howler monkey zombie (D:8)
  2 worker ant zombies
  A howler monkey skeleton (D:5)
  Robin (D:2)
  5 gnolls (D:4)
  6 adders
  2 shadow imps
  An ooze (D:1)
  3 adder zombies
  2 adder skeletons
  3 worms
  7 leopard geckos
  17 orcs
  A ball python (D:2)
  6 giant cockroaches
  9 goblins
  7 hobgoblins
  3 jackals (D:6)
  2 quokkas (D:6)
  9 bats
  2 frilled lizards
  6 kobolds
  2 leopard gecko skeletons
  A leopard gecko zombie (D:5)
  A quokka skeleton (D:6)
  4 rats
161 creatures vanquished.

Notes
Turn   | Place    | Note
-------+----------+-------------------------------------------
     0 | D:1      | Grijaibraw the Hill Orc Fighter began the quest for the
                  | Orb.
     0 | D:1      | Reached XP level 1. HP: 19/19 MP: 1/1
   180 | D:1      | Reached XP level 2. HP: 27/27 MP: 2/2
   623 | D:2      | Reached XP level 3. HP: 29/33 MP: 3/3
   910 | D:2      | Noticed Robin
   913 | D:2      | Reached XP level 4. HP: 41/41 MP: 4/4
   918 | D:2      | Killed Robin
  1010 | D:2      | Found a sacrificial altar of Ru.
  1017 | D:2      | Found a white marble altar of Elyvilon.
  1036 | D:2      | Found an ornate altar of the Wu Jian Council.
  1039 | D:2      | Found a hazy altar of Hepliaklqana.
  1471 | D:3      | Reached skill level 4 in Shields
  1611 | D:3      | Noticed Ijyb
  1627 | D:3      | Killed Ijyb
  1627 | D:3      | Reached XP level 5. HP: 41/47 MP: 5/5
  1683 | D:3      | Noticed Natasha
  1690 | D:3      | Killed Natasha
  1827 | D:3      | Noticed Natasha
  1831 | D:3      | Killed Natasha
  1839 | D:3      | Reached skill level 5 in Axes
  1850 | D:3      | Reached XP level 6. HP: 39/53 MP: 6/6
  1855 | D:3      | Noticed Natasha
  1858 | D:3      | Killed Natasha
  2121 | D:3      | Found a transporter.
  2122 | D:3      | Noticed Nr616's ghost (amateur OpEE)
  2125 | D:3      | Found a transporter.
  2470 | D:4      | Reached XP level 7. HP: 36/60 MP: 7/7
  3003 | D:4      | Reached skill level 5 in Fighting
  3003 | D:4      | Reached skill level 5 in Armour
  3013 | D:4      | Reached skill level 1 in Dodging
  3013 | D:4      | Reached skill level 5 in Shields
  3181 | D:4      | Reached skill level 1 in Long Blades
  3425 | D:5      | Entered Level 5 of the Dungeon
  3726 | D:5      | Reached XP level 8. HP: 69/69 MP: 8/8
  4194 | D:5      | Found a staircase to the Ecumenical Temple.
  4209 | Temple   | Entered the Ecumenical Temple
  4302 | Temple   | Became a worshipper of Warmaster Okawaru
  4584 | D:5      | Found a runed translucent gate.
  4584 | D:5      | Found a runed translucent gate.
  4584 | D:5      | Found a runed translucent gate.
  4584 | D:5      | Noticed emiel's ghost (novice DsWn)
  4678 | D:5      | Reached skill level 6 in Shields
  4811 | D:5      | Found a glowing silver altar of Zin.
  4952 | D:5      | Found a sparkling altar of Nemelex Xobeh.
  4952 | D:5      | Found a shimmering altar of Xom.
  6319 | D:7      | Reached XP level 9. HP: 52/75 MP: 9/9
  6840 | D:7      | Reached skill level 5 in Long Blades
  6840 | D:7      | Reached skill level 7 in Shields
  7829 | D:8      | Reached * piety under Okawaru
  7829 | D:8      | Noticed a two-headed ogre
  8273 | D:7      | Reached skill level 1 in Stealth
  8927 | D:8      | Noticed a two-headed ogre
  8937 | D:8      | Reached XP level 10. HP: 52/84 MP: 10/10
  8938 | D:8      | Noticed a moth of wrath
  8938 | D:8      | a two-headed ogre changed into a moth of wrath
  8942 | D:8      | Killed a moth of wrath
  8942 | D:8      | Reached ** piety under Okawaru
  8942 | D:8      | Reached skill level 8 in Shields
  8964 | D:8      | Killed from afar by an orc priest

Levels and vault maps discovered:
D:1:      dpeg_arrival_subterranean_lakeside_camping, layout_rooms,
          serial_bayou_crossing
D:2:      layout_loops_ring, grunt_temple_overflow_cloverleaf, first_ration,
          uniq_robin
D:3:      layout_rooms, gammafunk_ghost_smash, uniq_natasha, uniq_ijyb
D:4:      layout_rooms, lightli_minifort
D:5:      layout_basic, marbit_many_paths, gammafunk_temple_overflow_wave,
          minmay_temple_entry_drinking_statues, gammafunk_ghost_necromancy
D:6:      layout_gridville
D:7:      layout_layer_cave
D:8:      layout_basic, eat_drink_and_be_merry_uskayaw, grunt_ministairs_2
Temple:   minmay_temple_forest_path

Skill      XL: |  1  2  3  4  5  6  7  8  9 10 |
---------------+-------------------------------+-----
Axes           | 3 4 5 6 |  6.9
Fighting       | 4 5 6 |  6.8
Shields        | 4 5 6 7 8 |  8.2
Armour         | 4 5 6 7 |  7.8
Dodging        | 1 2 3 |  3.3
Long Blades    | 2 4 6 7 |  7.2
Stealth        | 1 |  1.0
Evocations     | |  0.8

Action                   |  1- 3 |  4- 6 |  7- 9 | 10-12 || total
-------------------------+-------+-------+-------+-------++-------
Melee: War axe           |    76 |   119 |    17 |       ||   212
       Falchion          |       |       |   405 |    21 ||   426
Evoke: Wand              |       |       |     7 |     1 ||     8
  Use: Scroll            |     2 |     6 |     6 |       ||    14
       Potion            |       |     5 |     3 |       ||     8
  Eat: Ration            |       |     2 |     6 |       ||     8
Armor: Scale mail        |    43 |    31 |   163 |    12 ||   249
Dodge: Dodged            |    32 |    32 |   141 |     7 ||   212
Block: Shield            |    34 |    62 |   304 |    18 ||   418
       Rpst.: Falchion   |       |       |    35 |     2 ||    37

Table legend:
 A = Non-vault XP
 B = Vault XP
 C = Vault XP percentage of total XP
 D = Non-vault monster count
 E = Vault monster count
 F = Vault count percentage of total count
                 A         B        C        D         E       F
            +---------+---------+-------+---------+---------+-------
      Total |    4668 |     638 |  12.0 |     136 |      25 |  15.5
            +---------+---------+-------+---------+---------+-------
        D:1 |      17 |       8 |  32.0 |       8 |       6 |  42.9
        D:2 |      70 |      28 |  28.6 |      19 |       8 |  29.6
        D:3 |     225 |      71 |  24.0 |      17 |       2 |  10.5
        D:4 |     474 |     159 |  25.1 |      20 |       6 |  23.1
        D:5 |     595 |      72 |  10.8 |      16 |       1 |   5.9
        D:6 |     588 |       0 |   0.0 |      20 |       0 |   0.0
        D:7 |     916 |     255 |  21.8 |      14 |       1 |   6.7
        D:8 |    1783 |      45 |   2.5 |      22 |       1 |   4.3
            +---------+---------+-------+---------+---------+-------
